NYP
ABERDEEN IRONBIRDS @ VANCOUVER CANADIANS
09/23/2046
 
TOP OF THE 1ST
Aberdeen Ironbirds batting - Pitching for Vancouver Canadians : RHP Allen Vesey
Pitching: RHP Allen Vesey
Batting: RHB Mike Zepeda 0-0: Called Strike
0-1: Foul Ball, location: 2F
0-2: Foul Ball, location: 2F
0-2: Strikes out looking
Batting: LHB Tomas de Zeeuw 0-0: Ball
1-0: Fly out, F7 (Flyball, 7S, EV 90.6 MPH)
Batting: RHB Jeremy Sipe 0-0: Ball
1-0: Ball
2-0: SINGLE (Line Drive, 8RS, EV 105.0 MPH)
Batting: RHB Tony Godley 0-0: Called Strike
0-1: Called Strike
Jeremy Sipe is caught stealing 2nd base 2-4
Top of the 1st over - 0 runs, 1 hit, 0 errors, 0 left on base; Aberdeen 0 - Vancouver 0
BOTTOM OF THE 1ST
Vancouver Canadians batting - Pitching for Aberdeen Ironbirds : LHP Jason Williams
Pitching: LHP Jason Williams
Batting: RHB Kennet Strijbis 0-0: Called Strike
0-1: Ball
1-1: Foul Ball, location: 2F
1-2: Foul Ball, location: 2F
1-2: Ground out 5-3 (Groundball, 56, EV 103.8 MPH)
Batting: RHB Lee McKay 0-0: Ball
1-0: Ball
2-0: Ball
3-0: Base on Balls
Batting: RHB Nikita Schram 0-0: Ball
1-0: Foul Ball, location: 2F
1-1: Ball
2-1: Ball
3-1: Base on Balls
Lee McKay to second
Batting: RHB Dan Hilyer 0-0: Fly out, F9 (Flyball, 89M, EV 78.8 MPH)
Runner from 2nd tags up, SAFE at 3rd with throw by RF
Batting: RHB Bobby Lasaguna 0-0: Ball
1-0: Called Strike
1-1: Swinging Strike
1-2: Ball
Wild Pitch!
Lee McKay scores
Nikita Schram to second
2-2: Ball
3-2: Foul Ball, location: 2F
3-2: Foul Ball, location: 2F
3-2: Base on Balls
Batting: RHB Jose Garza 0-0: Called Strike
0-1: Called Strike
0-2: Ball
1-2: Ground out 4-3 (Groundball, 4, EV 96.9 MPH)
Bottom of the 1st over - 1 run, 0 hits, 0 errors, 2 left on base; Aberdeen 0 - Vancouver 1
TOP OF THE 2ND
Aberdeen Ironbirds batting - Pitching for Vancouver Canadians : RHP Allen Vesey
Batting: RHB Tony Godley 0-0: Ball
1-0: Ball
2-0: Ball
3-0: Called Strike
3-1: Called Strike
3-2: SINGLE (Groundball, 4MD, EV 109.4 MPH) (infield hit)
Batting: RHB Daniel Jackson 0-0: Ball
Tony Godley steals 2nd base
1-0: SINGLE (Line Drive, 89S, EV 106.2 MPH)
Tony Godley to third
Batting: LHB Miguel Medina 0-0: Fielders Choice at 2nd, 1-6 (Groundball, P, EV 66.9 MPH)
Batting: RHB Mike Pitts 0-0: Called Strike
0-1: Fly out, F9 (Flyball, 9, EV 88.8 MPH)
Runner from 3rd tags up, SCORES, throw by RF
Batting: RHB Steve Jones 0-0: Called Strike
0-1: Fielders Choice at 2nd, 6-4 (Groundball, 4M, EV 105.0 MPH)
Top of the 2nd over - 1 run, 2 hits, 0 errors, 1 left on base; Aberdeen 1 - Vancouver 1
BOTTOM OF THE 2ND
Vancouver Canadians batting - Pitching for Aberdeen Ironbirds : LHP Jason Williams
Batting: RHB Jamie Ogilvie 0-0: Called Strike
0-1: Called Strike
0-2: Strikes out swinging
Batting: LHB Julio Canseco 0-0: Swinging Strike
0-1: Ball
1-1: SINGLE (Groundball, 4D, EV 106.2 MPH)
Batting: LHB Adam Santarelli 0-0: Ball
1-0: Ball
2-0: Called Strike
2-1: Ball
3-1: Swinging Strike
3-2: Foul Ball, location: 2F
3-2: Fielders Choice at 2nd, 6-4 (Groundball, 6M, EV 78.1 MPH)
Batting: RHB Kennet Strijbis 0-0: Ball
Pickoff Throw to First - Out! 1-3
Bottom of the 2nd over - 0 runs, 1 hit, 0 errors, 0 left on base; Aberdeen 1 - Vancouver 1
TOP OF THE 3RD
Aberdeen Ironbirds batting - Pitching for Vancouver Canadians : RHP Allen Vesey
Batting: RHB Andy Bridger 0-0: Ball
1-0: Foul Ball, location: 2F
1-1: Foul Ball, location: 2F
1-2: Strikes out swinging
Batting: RHB Mike Zepeda 0-0: Called Strike
0-1: Ball
1-1: Swinging Strike
1-2: Ball
2-2: Ball
3-2: Ground out 4-3 (Groundball, 4, EV 83.1 MPH)
Pitching: RHP Young-ghil Sohn
Batting: LHB Tomas de Zeeuw 0-0: Called Strike
0-1: Foul Ball, location: 2F
0-2: Ball
1-2: Foul Ball, location: 2F
1-2: Foul Ball, location: 2F
1-2: Ball
2-2: Ball
3-2: Strikes out swinging
Top of the 3rd over - 0 runs, 0 hits, 0 errors, 0 left on base; Aberdeen 1 - Vancouver 1
BOTTOM OF THE 3RD
Vancouver Canadians batting - Pitching for Aberdeen Ironbirds : LHP Jason Williams
Batting: RHB Kennet Strijbis 0-0: Ball
1-0: Ball
2-0: Called Strike
2-1: Foul Ball, location: 2F
2-2: Foul Ball, location: 2F
2-2: Ground out 6-3 (Groundball, 6, EV 103.1 MPH)
Batting: RHB Lee McKay 0-0: Called Strike
0-1: Ground out 6-3 (Groundball, 6, EV 99.4 MPH)
Batting: RHB Nikita Schram 0-0: Foul Ball, location: 2F
0-1: Ball
1-1: Foul Ball, location: 2F
1-2: Foul Ball, location: 2F
1-2: Foul Ball, location: 2F
1-2: Strikes out swinging
Bottom of the 3rd over - 0 runs, 0 hits, 0 errors, 0 left on base; Aberdeen 1 - Vancouver 1
TOP OF THE 4TH
Aberdeen Ironbirds batting - Pitching for Vancouver Canadians : RHP Young-ghil Sohn
Batting: RHB Jeremy Sipe 0-0: Foul Ball, location: 2F
0-1: Ball
1-1: SOLO HOME RUN (Line Drive, 7LD, EV 101.9 MPH), Distance : 389 ft
Batting: RHB Tony Godley 0-0: Ball
1-0: Called Strike
1-1: Ball
2-1: Ball
3-1: Ground out 5-3 (Groundball, 5, EV 88.8 MPH)
Batting: RHB Daniel Jackson 0-0: Ball
1-0: Swinging Strike
1-1: Foul Ball, location: 2F
1-2: Strikes out swinging
Batting: LHB Miguel Medina 0-0: Swinging Strike
0-1: Swinging Strike
0-2: Ball
1-2: Ball
2-2: Fly out, F8 (Flyball, 8RXD, EV 102.5 MPH)
Top of the 4th over - 1 run, 1 hit, 0 errors, 0 left on base; Aberdeen 2 - Vancouver 1
BOTTOM OF THE 4TH
Vancouver Canadians batting - Pitching for Aberdeen Ironbirds : LHP Jason Williams
Batting: RHB Dan Hilyer 0-0: Foul Ball, location: 2F
0-1: Ball
1-1: Ball
2-1: Swinging Strike
2-2: SINGLE (Groundball, 6MD, EV 105.0 MPH)
Batting: RHB Bobby Lasaguna 0-0: Ball
1-0: Called Strike
1-1: Fly out, F7 (Line Drive, 78M, EV 93.1 MPH)
Batting: RHB Jose Garza 0-0: Called Strike
0-1: Ball
1-1: Foul Ball, location: 2F
1-2: Ball
Dan Hilyer steals 2nd base (no throw)
2-2: Strikes out swinging
Batting: RHB Jamie Ogilvie 0-0: Foul Ball, location: 2F
0-1: Ball
1-1: Foul Ball, location: 2F
1-2: Strikes out looking
Bottom of the 4th over - 0 runs, 1 hit, 0 errors, 1 left on base; Aberdeen 2 - Vancouver 1
TOP OF THE 5TH
Aberdeen Ironbirds batting - Pitching for Vancouver Canadians : RHP Young-ghil Sohn
Batting: RHB Mike Pitts 0-0: Swinging Strike
0-1: Ball
1-1: Foul Ball, location: 2F
1-2: Ball
2-2: Hit by Pitch
Batting: RHB Steve Jones 0-0: Ground out 6-3 (Groundball, 6, EV 83.1 MPH)
Mike Pitts to second
Batting: RHB Andy Bridger 0-0: DOUBLE (Line Drive, 8RXD, EV 113.8 MPH)
Mike Pitts scores
Batting: RHB Mike Zepeda 0-0: Foul Ball, location: 2F
0-1: Called Strike
Andy Bridger steals 3rd base (no throw)
0-2: Ball
1-2: Strikes out swinging
Batting: LHB Tomas de Zeeuw 0-0: Ball
1-0: Fly out, F9 (Flyball, 9, EV 90.6 MPH)
Top of the 5th over - 1 run, 1 hit, 0 errors, 1 left on base; Aberdeen 3 - Vancouver 1
BOTTOM OF THE 5TH
Vancouver Canadians batting - Pitching for Aberdeen Ironbirds : LHP Jason Williams
Batting: LHB Julio Canseco 0-0: Called Strike
0-1: Ground out 4-3 (Groundball, 4, EV 88.1 MPH)
Batting: LHB Adam Santarelli 0-0: Called Strike
0-1: Foul Ball, location: 2F
0-2: Ball
1-2: Ball
2-2: SINGLE (Line Drive, 6D, EV 100.6 MPH)
Batting: RHB Kennet Strijbis 0-0: Ball
1-0: Foul Ball, location: 2F
1-1: Called Strike
Adam Santarelli steals 2nd base
1-2: Foul Ball, location: 2F
1-2: Strikes out swinging
Batting: RHB Lee McKay 0-0: Ball
Passed Ball!
Adam Santarelli to third
1-0: Called Strike
1-1: Ball
2-1: Ground out 4-3 (Groundball, 4, EV 81.2 MPH)
Bottom of the 5th over - 0 runs, 1 hit, 0 errors, 1 left on base; Aberdeen 3 - Vancouver 1
TOP OF THE 6TH
Aberdeen Ironbirds batting - Pitching for Vancouver Canadians : RHP Young-ghil Sohn
Batting: RHB Jeremy Sipe 0-0: Ball
1-0: Ball
2-0: Called Strike
2-1: Ground out 3-1 (Groundball, 34, EV 90.0 MPH)
Batting: RHB Tony Godley 0-0: Fly out, F7 (Flyball, 7LMF, EV 91.9 MPH)
Batting: RHB Daniel Jackson 0-0: Ball
1-0: Foul Ball, location: 2F
1-1: Swinging Strike
1-2: Ball
2-2: Fly out, F8 (Flyball, 78S, EV 88.1 MPH)
Top of the 6th over - 0 runs, 0 hits, 0 errors, 0 left on base; Aberdeen 3 - Vancouver 1
BOTTOM OF THE 6TH
Vancouver Canadians batting - Pitching for Aberdeen Ironbirds : LHP Jason Williams
Batting: RHB Nikita Schram 0-0: Ball
1-0: Swinging Strike
1-1: Foul Ball, location: 2F
1-2: Foul Ball, location: 2F
1-2: Strikes out swinging
Pitching: LHP Randall Rennie
Batting: RHB Dan Hilyer 0-0: SOLO HOME RUN (Flyball, 7D, EV 100.0 MPH), Distance : 381 ft
Batting: RHB Bobby Lasaguna 0-0: Ground out 4-3 (Groundball, 4, EV 81.2 MPH)
Batting: RHB Jose Garza 0-0: Ball
1-0: Ball
2-0: Called Strike
2-1: Ball
3-1: Foul Ball, location: 2F
3-2: SINGLE (Groundball, 4MD, EV 101.9 MPH)
Batting: RHB Jamie Ogilvie 0-0: Ball
1-0: Called Strike
1-1: Foul Ball, location: 2F
1-2: Foul Ball, location: 2F
1-2: Ball
Jose Garza steals 2nd base (no throw)
2-2: Strikes out swinging
Bottom of the 6th over - 1 run, 2 hits, 0 errors, 1 left on base; Aberdeen 3 - Vancouver 2
TOP OF THE 7TH
Aberdeen Ironbirds batting - Pitching for Vancouver Canadians : RHP Young-ghil Sohn
Batting: LHB Miguel Medina 0-0: Ball
1-0: Ground out 3-1 (Groundball, 34, EV 98.8 MPH)
Batting: RHB Mike Pitts 0-0: Ball
1-0: Ball
2-0: Ball
3-0: Base on Balls
Batting: RHB Steve Jones 0-0: Ball
1-0: Swinging Strike
1-1: Ball
2-1: Foul Ball, location: 2F
2-2: Fly out, F3 (Popup, 3F, EV 71.9 MPH)
Batting: RHB Andy Bridger 0-0: Called Strike
0-1: Ball
1-1: Ball
2-1: Fly out, F8 (Flyball, 89M, EV 84.4 MPH)
Top of the 7th over - 0 runs, 0 hits, 0 errors, 1 left on base; Aberdeen 3 - Vancouver 2
BOTTOM OF THE 7TH
Vancouver Canadians batting - Pitching for Aberdeen Ironbirds : LHP Randall Rennie
Now in RF: Ben Sutton
Pinch Hitting: RHB Cesar Chavez 0-0: Ball
1-0: Ball
2-0: Ball
3-0: Base on Balls
Pinch Hitting: RHB Takanibu Kaneshiro 0-0: Bunted foul
0-1: Ball
Cesar Chavez is caught stealing 2nd base 2-4
1-1: Ball
2-1: Fly out, F9 (Flyball, 89M, EV 83.1 MPH)
Batting: RHB Kennet Strijbis 0-0: Called Strike
0-1: Ball
1-1: Foul Ball, location: 2F
1-2: Foul Ball, location: 2F
1-2: Foul Ball, location: 2F
1-2: Ball
2-2: Ball
3-2: Base on Balls
Pitching: RHP Oscar Munoz
Batting: RHB Lee McKay 0-0: Swinging Strike
Kennet Strijbis steals 2nd base (no throw)
0-1: Foul Ball, location: 2F
0-2: Foul Ball, location: 2F
0-2: Ball
1-2: Strikes out looking
Bottom of the 7th over - 0 runs, 0 hits, 0 errors, 1 left on base; Aberdeen 3 - Vancouver 2
TOP OF THE 8TH
Aberdeen Ironbirds batting - Pitching for Vancouver Canadians : RHP Young-ghil Sohn
Now in LF: Jose Ontiveros
Now in RF: Sonny Flood
Batting: RHB Mike Zepeda 0-0: Ball
1-0: Ball
2-0: Called Strike
2-1: Swinging Strike
2-2: Strikes out swinging
Batting: LHB Tomas de Zeeuw 0-0: Ball
1-0: Ground out 4-3 (Groundball, 4, EV 105.0 MPH)
Batting: RHB Jeremy Sipe 0-0: Called Strike
0-1: Ball
1-1: Ball
2-1: Foul Ball, location: 2F
2-2: SINGLE (Line Drive, 9S, EV 92.5 MPH)
Pitching: RHP Marcos Tejeda
Batting: RHB Tony Godley 0-0: Called Strike
0-1: Ball
Jeremy Sipe steals 2nd base
1-1: Swinging Strike
1-2: Strikes out looking
Top of the 8th over - 0 runs, 1 hit, 0 errors, 1 left on base; Aberdeen 3 - Vancouver 2
BOTTOM OF THE 8TH
Vancouver Canadians batting - Pitching for Aberdeen Ironbirds : RHP Oscar Munoz
Batting: RHB Nikita Schram 0-0: Called Strike
0-1: Ball
1-1: Foul Ball, location: 2F
1-2: Foul Ball, location: 2F
1-2: Strikes out swinging
Pinch Hitting: LHB Devin Huber 0-0: Called Strike
0-1: Foul Ball, location: 2F
0-2: Ball
1-2: Strikes out swinging, 2-3 out at first.
Batting: RHB Bobby Lasaguna 0-0: Ball
1-0: Ball
2-0: Ball
3-0: Base on Balls
Batting: RHB Jose Garza 0-0: Called Strike
Bobby Lasaguna steals 2nd base
0-1: Foul Ball, location: 2F
0-2: Ball
1-2: Fly out, F8 (Line Drive, 8RM, EV 94.4 MPH)
Bottom of the 8th over - 0 runs, 0 hits, 0 errors, 1 left on base; Aberdeen 3 - Vancouver 2
TOP OF THE 9TH
Aberdeen Ironbirds batting - Pitching for Vancouver Canadians : RHP Marcos Tejeda
Now in LF: Devin Huber
Now in CF: Jose Ontiveros
Batting: RHB Ben Sutton 0-0: Swinging Strike
0-1: Ball
1-1: Called Strike
1-2: Foul Ball, location: 2F
1-2: Ball
2-2: Foul Ball, location: 2F
2-2: Strikes out swinging
Batting: LHB Miguel Medina 0-0: Ball
1-0: Ball
2-0: Called Strike
2-1: Foul Ball, location: 2F
2-2: Ball
3-2: Strikes out looking
Batting: RHB Mike Pitts 0-0: Ball
1-0: Called Strike
1-1: Ball
2-1: Foul Ball, location: 2F
2-2: Strikes out swinging
Top of the 9th over - 0 runs, 0 hits, 0 errors, 0 left on base; Aberdeen 3 - Vancouver 2
BOTTOM OF THE 9TH
Vancouver Canadians batting - Pitching for Aberdeen Ironbirds : RHP Oscar Munoz
Pitching: RHP Chris Kimura
Batting: RHB Jamie Ogilvie 0-0: Swinging Strike
0-1: Ball
1-1: Called Strike
1-2: Strikes out looking
Batting: LHB Sonny Flood 0-0: Ground out 4-3 (Groundball, 4, EV 89.4 MPH)
Pinch Hitting: LHB Roald Jacobs 0-0: Called Strike
0-1: Foul Ball, location: 2F
0-2: SINGLE (Groundball, 6S, EV 72.5 MPH) (infield hit)
Pinch Hitting: SHB Jose Garcia 0-0: Ball
Roald Jacobs is caught stealing 2nd base 2-6
Bottom of the 9th over - 0 runs, 1 hit, 0 errors, 0 left on base; Aberdeen 3 - Vancouver 2
Tuesday, September 13th , 2022 - OOTP Baseball 23.7 Build 88